General information
- name: grudge15
- type: Ladder 1vs1/FFA
- host: BEAR_AND
- saver: BEAR_AND
map: ManorChristmas
- players: 6
- length: 28:39
- speed: Fast
- version: 1.21 W3XP
- replay type:

» download(52 KB)
Players
team 1 (loser)
WWGT]Diana (
purple | 55 APM | 472 actions | 08:38)
1 Blood Mage
1 Flame Strike
» actions
| Assign group hotkey | 3 | |
| Basic commands | 18 | |
| Build / train | 26 | |
| Enter build submenu | 25 | |
| Enter hero's abilities submenu | 1 | |
| Right click | 206 | |
| Select / deselect | 120 | |
| Select group hotkey | 39 | |
| Use ability | 34 | |
472 total
» units
» upgrades
» buildings
| Altar of Kings | 2 | |
| Farm | 3 | |
| Lumber Mill | 1 | |
| Scout Tower | 14 | |
| Guard Tower | 10 | |
| Arcane Vault | 1 | |
31 total
» build order
00:06 Altar of Kings
00:13 Farm
00:16 Farm
01:03 Lumber Mill
01:25 Farm
03:28 Scout Tower
04:01 Guard Tower
04:20 Scout Tower
04:21 Scout Tower
04:24 Scout Tower
04:29 Scout Tower
04:34 Scout Tower
04:50 Scout Tower
04:51 Guard Tower
04:54 Scout Tower
04:56 Guard Tower
05:28 Guard Tower
05:28 Guard Tower
05:29 Guard Tower
05:45 Guard Tower
05:48 Scout Tower
05:50 Scout Tower
06:06 Arcane Vault
06:24 Guard Tower
06:27 Scout Tower
06:38 Scout Tower
06:46 Scout Tower
06:59 Altar of Kings
07:03 Scout Tower
07:18 Guard Tower
07:33 Guard Tower
team 2 (winner)
WWGT]MekkaGobb (
green | 97 APM | 838 actions | 08:39)
2 Far Seer
1 Feral Spirit
1 Chain Lighting
» actions
| Assign group hotkey | 46 | |
| Basic commands | 6 | |
| Build / train | 28 | |
| Enter build submenu | 27 | |
| Enter hero's abilities submenu | 2 | |
| Remove unit from queue | 1 | |
| Right click | 394 | |
| Select / deselect | 138 | |
| Select group hotkey | 164 | |
| Use ability | 32 | |
838 total
» units
» upgrades
» buildings
| Altar of Storms | 1 | |
| Orc Burrow | 2 | |
| War Mill | 2 | |
| Barracks | 1 | |
| Watch Tower | 9 | |
| Voodoo Lounge | 2 | |
| Great Hall | 1 | |
18 total
» build order
00:02 Altar of Storms
00:11 Orc Burrow
00:38 War Mill
01:07 Barracks
02:41 Watch Tower
02:51 Watch Tower
03:07 Voodoo Lounge
03:30 Orc Burrow
03:39 Watch Tower
03:39 Watch Tower
04:33 Watch Tower
04:44 Watch Tower
05:05 Voodoo Lounge
05:41 Watch Tower
05:51 Watch Tower
06:42 Watch Tower
07:21 War Mill
07:29 Great Hall
» items
| Healing Salve | 1 | |
| Lesser Clarity Potion | 1 | |
2 total
observersBEAR_AND,
WWGT]Fictious,
fineX.,
WWGT]BaronMorte Chat log
(00:20 / Observers) WWGT]Fictious: Any news from Samuro, bear?
(00:34 / Observers) WWGT]BaronMorte: I wish there was a losers bracket that'd be kind of fun
(00:40 / All) WWGT]MekkaGobb: glhf
(00:44 / All) WWGT]Diana: same 2 u
(00:58 / Observers) WWGT]Fictious: Did Diana tower last game
(01:15 / Observers) WWGT]Fictious: I noticed it took like half an hour, just missed obsing it
(01:32 / Observers) fineX.: no
(01:35 / Observers) fineX.: it was close though
(01:55 / Observers) WWGT]BaronMorte: Is there anything other than cloud and FB which totally disables towers
(02:18 / Observers) fineX.: what is fb
(02:22 / Observers) WWGT]BaronMorte: frost breath
(02:25 / Observers) fineX.: oh
(02:32 / Observers) fineX.: i dont think so, bats comes close though
(02:43 / Observers) WWGT]BaronMorte: Tower rush intercepted?
(03:10 / Observers) WWGT]Fictious: Corrosive breath has a longer range than towers
(03:13 / Observers) WWGT]Fictious: That kinda counts
(03:17 / Observers) WWGT]BaronMorte: Well kind of
(03:21 / Observers) WWGT]BaronMorte: but it does zilch to hu towers
(03:38 / Observers) WWGT]BaronMorte: oh man
(03:40 / Observers) WWGT]BaronMorte: dual TRs
(04:02 / Observers) WWGT]Fictious: Hmm
(04:05 / Observers) WWGT]BaronMorte: Game right here
(04:07 / Observers) WWGT]Fictious: This doesn't not seem like the strong side of the bracket
(04:27 / Observers) WWGT]Fictious: Lol.
(04:48 / Observers) WWGT]BaronMorte: why isnt he hitting peasants
(04:58 / Observers) WWGT]Fictious: He's not a very good player.
(05:10 / Observers) WWGT]BaronMorte: What were apms last game?
(05:53 / Observers) WWGT]BaronMorte: orc should tp home now
(05:57 / Observers) WWGT]BaronMorte: oh nevermind, too late
(05:59 / Observers) WWGT]Fictious: Naw
(06:05 / Observers) WWGT]Fictious: Just build some orc towers defensively
(06:18 / Observers) WWGT]Fictious: Oops
(06:23 / Observers) WWGT]Fictious: Guards are in town hall range
(07:20 / Observers) WWGT]BaronMorte: so basically going to trade bases here
(07:23 / Observers) WWGT]Fictious: He researched pillage, smart move
(07:24 / Observers) fineX.: its another race to destroy the base
(07:36 / Observers) WWGT]BaronMorte: actually nope, orc flat out wins
(07:43 / Observers) WWGT]BaronMorte: that one tower will keep the mine safe
(07:48 / Observers) WWGT]Fictious: Orc has the upper hand, purp can't expo there until he kills that tower/burrow.
(07:51 / Observers) WWGT]Fictious: Yeah.
(07:54 / All) WWGT]Diana: wateva good game
(07:56 / All) WWGT]Diana: i gotta go
(07:58 / All) WWGT]MekkaGobb: gg
(08:03 / All) WWGT]Diana: u lucky i had to gimmick
(08:04 / All) WWGT]MekkaGobb: this could have gone on for hours
(08:08 / All) WWGT]MekkaGobb: ok
(08:09 / Observers) WWGT]BaronMorte: Oh man manner
(08:10 / All) WWGT]Diana: because of time constraints
(08:17 / Observers) WWGT]Fictious: Lol
(08:22 / All) WWGT]MekkaGobb: was I right?
(08:24 / All) WWGT]Diana: im just gonna alt tab make u finish this
(08:27 / All) WWGT]Diana: lol
(08:32 / All) WWGT]Diana: j/k
(08:35 / Observers) WWGT]Fictious: I thought known hackers weren't allowed in tourneys.
(08:35 / All) WWGT]Diana: i got more manner then that